 Dungeon Crawl Stone Soup version 0.23.0-41-g86b089e62c (webtiles) character file.

Game seed: 18092456801699927372

4741 LLavrengius the Fighter (level 10, -6/72 HPs)
             Began as an Octopode Transmuter on Feb 28, 2019.
             Was an Initiate of Gozag.
             Hit by a javelin of returning thrown by a centaur (11 damage)
             ... in a bailey.
             The game lasted 00:43:51 (10821 turns).

LLavrengius the Fighter (Octopode Transmuter)      Turns: 10821, Time: 00:43:52

Health: -6/72      AC:  1    Str: 10    XL:     10   Next: 46%
Magic:  21/21      EV: 15    Int: 18    God:    Gozag
Gold:   573        SH:  0    Dex: 13    Spells: 14/24 levels left

rFire    + . .     SeeInvis .   i - +0 hunting sling
rCold    . . .     Gourm    .   (no shield)
rNeg     . . .     Faith    .   (helmet restricted)
rPois    .         Spirit   .   n - amulet of rage
rElec    .         Reflect  .   b - ring of protection from fire
rCorr    +         Harm     .   s - ring of resist corrosion
MR       .....                  (no ring)
Stlth    ++........             (no ring)
HPRegen  0.22/turn              (no ring)
MPRegen  0.17/turn              (no ring)
                                (no ring)
                                (no ring)

@: very slightly contaminated
A: almost no armour, stealthy swim, amphibious, 8 rings, constrict 8, camouflage
1, gelatinous body 1
a: Potion Petition, Call Merchant, Bribe Branch, Renounce Religion, Evoke
Berserk Rage


You were in a bailey.
You worshipped Gozag.
Gozag was pleased with you.
You were not hungry.

You visited 2 branches of the dungeon, and saw 10 of its levels.
You also visited: Bailey.

You collected 1085 gold pieces.
You spent 378 gold pieces at shops.
You paid 134 gold pieces to Gozag.

Inventory:

Hand Weapons
 i - a +0 hunting sling (weapon)
 m - a -1 eveningstar of venom
 v - a +0 blowgun
 H - a +0 halberd
 J - a +3 spear
Missiles
 a - 97 arrows
 d - 2 poisoned javelins
 j - 206 stones (quivered)
 w - 2 poisoned needles
 K - 6 javelins of returning
Jewellery
 b - a ring of protection from fire (left tentacle)
 h - a +4 ring of protection {unknown}
 l - an uncursed ring of ice
 n - an amulet of rage (around mantle)
 p - an uncursed ring of ice
 s - a ring of resist corrosion (right tentacle)
 L - an uncursed ring of fire {unknown}
Wands
 q - a wand of clouds (6)
 y - a wand of random effects (22)
 F - a wand of iceblast (10)
Scrolls
 e - 4 scrolls of amnesia
 f - 5 scrolls of teleportation
 u - a scroll of fear {unknown}
 x - a scroll of magic mapping
 z - 2 scrolls of remove curse
 A - 3 scrolls of enchant weapon {unknown}
 D - a scroll of torment {unknown}
 G - a scroll of enchant armour
 I - 2 scrolls of blinking
Potions
 g - a potion of invisibility
 k - 3 potions of lignification
 o - 3 potions of curing
 r - 2 potions of flight
 t - a potion of agility {unknown}
 B - a potion of berserk rage
 C - 3 potions of haste {unknown}
 E - a potion of ambrosia {unknown}
Comestibles
 c - 10 rations


   Skills:
 + Level 8.3 Fighting
 + Level 5.1 Dodging
 - Level 0.4 Stealth
 - Level 8.0 Unarmed Combat
 + Level 7.6 Spellcasting
 - Level 4.1 Transmutations
 - Level 2.0 Poison Magic


You had 14 spell levels left.
You knew the following spells:

 Your Spells              Type           Power        Failure   Level  Hunger
a - Beastly Appendage     Tmut           ###...       1%          1    None
b - Sticks to Snakes      Tmut           ###.....     2%          2    None
c - Spider Form           Tmut/Pois      ###.......   9%          3    #......
d - Ice Form              Ice/Tmut       ##......     41%         4    ###....

Your spell library contained the following spells:

 Spells                   Type           Power        Failure   Level  Hunger
 Blade Hands              Tmut           ###.......   45%         5    #####..


Dungeon Overview and Level Annotations

Branches:
Dungeon (9/15)             Temple (1/1) D:6
   Lair: D:8-11         Orc: D:9-12

Altars:
Ashenzari
Cheibriados
Dithmenos
Elyvilon
Fedhas
Gozag
Hepliaklqana
Kikubaaqudgha
Makhleb
Nemelex Xobeh
Okawaru
Qazlal
Ru
Sif Muna
Trog
Uskayaw
Vehumet
Wu Jian
Xom
Yredelemnul
Zin
The Shining One

Shops:
D:6 ?


Innate Abilities, Weirdness & Mutations

You cannot wear most types of armour.
You are very stealthy in the water. (Stealth+)
You are amphibious.
You can wear up to eight rings at the same time.
You can use your tentacles to constrict eight enemies at once.
Your skin changes colour to match your surroundings (Stealth+).
Your rubbery body absorbs attacks. (AC +1, EV +1)


Message History

* * * LOW HITPOINT WARNING * * *
A centaur comes into view. It is wielding a +0 halberd.
Things that are here:
a javelin of returning; a crystal ball of energy Blink to where?
Press: ? - help, Dir - move target cursor You are very lightly contaminated with residual magic.
As you read the scroll of blinking, it crumbles to dust.
The centaur throws a javelin of returning.
The javelin of returning misses you.
The weapon returns to the centaur!
The centaur throws a javelin of returning.
The javelin of returning hits you!
* * * LOW HITPOINT WARNING * * *
The weapon returns to the centaur!
The centaur throws a javelin of returning.
The javelin of returning misses you.
The weapon returns to the centaur!
The centaur throws a javelin of returning.
The javelin of returning hits you!
You die...
Your body crumbles into a pile of gold.

.≈≈≈c.≈ #....#####...
≈≈≈.........≈≈≈.≈≈≈≈#...##....≈≈≈
≈.............≈c≈≈≈≈#...#.⌠.≈≈≈..
≈.⌠........(⌠.≈≈.≈≈≈#..)#..≈≈).≈≈
..c.....((((...≈(≈≈≈#..⌠#.≈≈.≈≈≈.
.c..≈≈≈≈≈≈≈(o(.≈≈.≈ #).##.≈.≈≈).≈
..≈≈≈≈≈≈≈≈≈≈≈.$(#####..#.≈≈.≈.≈≈≈
.≈≈≈≈≈≈≈≈≈≈≈≈≈..$..)'..#.≈.≈≈.≈..
.≈≈≈≈≈..§(≈≈(≈..@.).'..#.≈....≈..
.≈≈≈≈≈≈≈≈≈≈≈≈≈......'..#.≈.≈≈.≈..
..≈≈≈≈≈≈≈≈≈≈≈..(#####..#.≈≈.≈.≈≈≈
...o≈≈≈≈≈≈≈....≈≈.≈≈#..##.≈.≈≈..≈
...............≈.≈≈≈#..⌠#.≈≈.≈≈≈.
≈.⌠.........⌠.≈≈c≈≈≈#...#..≈≈..≈≈
≈.............≈.≈≈≈≈#...#.⌠.≈≈≈.)
≈≈≈.........≈≈≈.≈≈≈≈#...##....≈≈≈
..≈≈≈c.≈≈≈≈≈#....#####...


You could see a centaur and an orc.

Vanquished Creatures
  A two-headed ogre (D:8)
  Pikel (D:7)
  2 hippogriffs (D:8)
  Eustachio (D:5)
  A hungry ghost (D:7)
  3 sky beasts
  An ice beast (D:7)
  3 slaves (D:7)
  8 orc warriors (Bailey)
  2 black bears (D:8)
  A phantom (D:5)
  3 centaurs
  An ogre (D:6)
  4 bullfrogs
  4 scorpions
  A howler monkey (D:5)
  A crimson imp (D:7)
  2 orc priests (D:6)
  2 hounds
  2 bullfrog skeletons
  Jessica (D:3)
  Terence (D:2)
  An iguana (D:7)
  2 worker ants
  7 orc wizards
  A worker ant zombie (D:3)
  17 adders
  2 shadow imps (D:5)
  An adder zombie (D:5)
  An adder skeleton (D:8)
  3 worms
  6 dart slugs
  6 leopard geckos
  33 orcs
  3 ball pythons
  18 bats
  3 giant cockroaches (D:3)
  10 goblins
  15 hobgoblins
  6 quokkas
  9 frilled lizards
  A jackal skeleton (D:4)
  8 kobolds
  A leopard gecko skeleton (D:5)
  9 rats
209 creatures vanquished.

Vanquished Creatures (others)
  An orc wizard (D:5)
  A quokka (D:5)
  4 fungi (D:6)
  A plant (D:6)
7 creatures vanquished.

Grand Total: 216 creatures vanquished

Notes
Turn   | Place    | Note
-------+----------+-------------------------------------------
     0 | D:1      | LLavrengius the Octopode Transmuter began the quest for the
                  | Orb.
     0 | D:1      | Reached XP level 1. HP: 13/13 MP: 3/3
    99 | D:1      | Reached XP level 2. HP: 9/18 MP: 5/5
   323 | D:1      | Learned a level 2 spell: Sticks to Snakes
   480 | D:1      | Reached XP level 3. HP: 18/23 MP: 6/6
   487 | D:1      | Learned a level 3 spell: Spider Form
   727 | D:2      | Noticed Terence
   742 | D:2      | Killed Terence
   742 | D:2      | Reached skill level 1 in Poison Magic
   935 | D:2      | Reached XP level 4. HP: 13/28 MP: 7/7
  2352 | D:2      | Found an ornate altar of the Wu Jian Council.
  2352 | D:2      | Found a sparkling altar of Nemelex Xobeh.
  2353 | D:2      | Found a shadowy altar of Dithmenos.
  2611 | D:3      | Found a snail-covered altar of Cheibriados.
  2617 | D:3      | Found a sacrificial altar of Ru.
  2624 | D:3      | Reached XP level 5. HP: 17/33 MP: 8/8
  2955 | D:3      | Noticed Jessica
  2962 | D:3      | Killed Jessica
  3201 | D:3      | Found a glowing silver altar of Zin.
  3202 | D:3      | Noticed an angel
  3877 | D:4      | Reached XP level 6. HP: 32/41 MP: 9/9
  4722 | D:5      | Entered Level 5 of the Dungeon
  4722 | D:5      | Found a shimmering altar of Xom.
  4722 | D:5      | Noticed a sky beast
  4738 | D:5      | Noticed a sky beast
  4927 | D:5      | Noticed Eustachio
  4950 | D:5      | Killed Eustachio
  4950 | D:5      | Reached XP level 7. HP: 43/47 MP: 9/11
  4984 | D:5      | Reached skill level 5 in Unarmed Combat
  5086 | D:6      | Found a bloodstained altar of Trog.
  5343 | D:6      | Reached XP level 8. HP: 35/54 MP: 10/14
  5495 | D:6      | Found Xunwum's Magic Scroll Emporium.
  5506 | D:6      | Bought a scroll of noise for 12 gold pieces
  5928 | D:6      | Found a staircase to the Ecumenical Temple.
  6052 | D:6      | Reached skill level 5 in Fighting
  6082 | Temple   | Entered the Ecumenical Temple
  6213 | Temple   | Became a worshipper of Gozag Ym Sagoz the Greedy
  6488 | D:5      | Reached skill level 5 in Spellcasting
  6621 | D:5      | Found an iron altar of Okawaru.
  7275 | D:7      | Reached XP level 9. HP: 56/62 MP: 14/17
  7288 | D:7      | Found a glowing golden altar of the Shining One.
  7596 | D:7      | Noticed Pikel
  7779 | D:7      | Killed Pikel
  8194 | D:8      | Learned a level 4 spell: Ice Form
  8321 | D:8      | Found a white marble altar of Elyvilon.
  8389 | D:8      | Found a hazy altar of Hepliaklqana.
  8633 | D:8      | Found a glowing silver altar of Zin.
  8635 | D:8      | Noticed a two-headed ogre
  8779 | D:8      | Killed a two-headed ogre
  8779 | D:8      | Reached XP level 10. HP: 30/72 MP: 9/20
  8996 | D:8      | Found a shattered altar of Ashenzari.
  9173 | D:8      | Found a bloodstained altar of Trog.
  9264 | D:6      | Bought a scroll of teleportation for 36 gold pieces
  9264 | D:6      | Bought a scroll of identify for 24 gold pieces
  9264 | D:6      | Bought a scroll of remove curse for 36 gold pieces
  9264 | D:6      | Bought 3 scrolls of blinking for 270 gold pieces
  9364 | D:9      | Found a flagged portal.
  9392 | Bailey   | Entered a bailey
 10499 | Bailey   | Reached skill level 5 in Dodging
 10821 | Bailey   | Hit by a javelin of returning thrown by a centaur

Skill      XL: |  1  2  3  4  5  6  7  8  9 10 |
---------------+-------------------------------+-----
Transmutations | 3 4 |  4.1
Poison Magic   | 1 2 |  2.0
Fighting       | 2 3 4 6 7 8 |  8.3
Unarmed Combat | 4 5 6 8 |  8.0
Spellcasting   | 3 4 5 7 |  7.6
Dodging        | 4 5 |  5.1
Stealth        | |  0.4

Action                   |  1- 3 |  4- 6 |  7- 9 | 10-12 || total
-------------------------+-------+-------+-------+-------++-------
Melee: Unarmed           |    61 |   202 |   272 |    84 ||   619
       Constrict         |    11 |    31 |    24 |     2 ||    68
       Kick              |     5 |     9 |    14 |       ||    28
       Tentacles         |     4 |    16 |    22 |     2 ||    44
       Punch             |       |     6 |     6 |       ||    12
 Fire: Hunting sling     |       |    44 |       |    64 ||   108
Throw: Javelin           |       |       |     2 |     4 ||     6
 Cast: Beastly Appendage |     3 |     4 |     6 |       ||    13
       Spider Form       |     1 |    12 |    19 |    10 ||    42
       Sticks to Snakes  |       |       |     5 |       ||     5
  Use: Potion            |       |     1 |     2 |       ||     3
       Scroll            |       |    10 |     3 |     3 ||    16
 Stab: Sleeping          |    10 |     6 |     3 |       ||    19
       Distracted        |       |       |     1 |     1 ||     2
  Eat: Chunk             |       |    14 |     5 |       ||    19
       Ration            |       |       |     4 |     2 ||     6
Armor: Skin              |     5 |    20 |    17 |     1 ||    43
Dodge: Dodged            |    32 |   152 |   210 |   129 ||   523
